 Dungeon Crawl Stone Soup version 0.30-a0-793-g160f7cfddd (webtiles) character file.

Game seed: 2921549368083653992

7 Esekla the Sneak (level 2, -5/21 HPs)
             Began as an Octopode Delver on Feb 19, 2023.
             Slain by a gnoll
             ... wielding a +0 flail
              (10 damage)
             ... in the Ecumenical Temple.
             The game lasted 00:01:28 (186 turns).

Esekla the Sneak (Octopode Delver)                   Turns: 186, Time: 00:01:28

Health: -5/21      AC:  1    Str: 11    XL:     2   Next: 0%
Magic:  2/2        EV: 13    Int: 12    God:
Gold:   0          SH:  0    Dex: 13    Spells: 1/1 levels left

rFire   . . .      SeeInvis .    a - +0 falchion
rCold   . . .      Faith    .    (no shield)
rNeg    . . .      Spirit   .    (helmet restricted)
rPois   .          Reflect  .    (no amulet)
rElec   .          Harm     .    (no ring)
rCorr   .          Rampage  .    (no ring)
Will    .....                    (no ring)
Stlth   ++++                     (no ring)
HPRegen 0.23/turn                (no ring)
MPRegen 0.08/turn                (no ring)
                                 (no ring)
                                 (no ring)

@: no status effects
A: almost no armour, amphibious, 8 rings, camouflage 1, gelatinous body 1,
(nimble swimmer 1), tentacles
a: no special abilities


You were in the Ecumenical Temple.
You visited 2 branches of the dungeon, and saw 2 of its levels.

Inventory:

Hand Weapons
 a - a +0 falchion (weapon)
Wands
 f - a wand of digging (3)
Scrolls
 b - a scroll of fog
Potions
 e - a potion of haste


   Skills:
 * Level 3.0 Fighting
 * Level 2.1 Long Blades
 * Level 2.0 Dodging
 + Level 6.8 Stealth
 * Level 0.2 Spellcasting


You had one spell level left.
You didn't know any spells.
Your spell library was empty.

Dungeon Overview and Level Annotations

Branches:
Dungeon (5/15)             Temple (1/1) D:5

Altars:
Cheibriados
Gozag
Makhleb
Sif Muna


Innate Abilities, Weirdness & Mutations

You cannot wear most types of armour.
You are amphibious.
You can wear up to eight rings at the same time.
Your skin changes colour to match your surroundings (Stealth+).
Your rubbery body absorbs attacks. (AC +1, EV +1)
((You are camouflaged when in or above water. (Stealth+)))
You have tentacles for arms and can constrict up to eight enemies at once.


Message History

There is a staircase back to the Dungeon here.
You climb upwards.
The gnoll misses you.
There is a staircase to the Ecumenical Temple here.
There are monsters nearby!
The gnoll throws a throwing net.
The throwing net hits you.
You become entangled in the net!
You stop descending the stairs.
The gnoll barely misses you.
A gnoll bouda comes into view. It is wielding a +0 club.
You struggle against the net.
The gnoll hits you with a +0 flail!
You tear a large gash into the net.
The gnoll hits you with a +0 flail.
A gnoll comes into view. It is wielding a +0 whip.
You rip the net and break free!
The gnoll barely misses you.
The gnoll hits you from afar with a +0 halberd.
* * * LOW HITPOINT WARNING * * *
The gnoll bouda gazes fiercely through you!
You feel your attacks grow feeble.
You hear a shout!
As you read the scroll of fear, it crumbles to dust.
You assume a fearsome visage.
The gnoll bouda looks frightened!
The gnoll looks frightened!
The gnoll resists with some effort.
The gnoll looks frightened! x4
A gnoll comes into view. It is wielding a +0 flail.
You climb downwards.
Welcome back to the Ecumenical Temple!
There is a staircase back to the Dungeon here.
You enter the shallow water.
Your attacks no longer feel as feeble.
You start resting.
HP restored.
There is a staircase back to the Dungeon here.
You climb upwards.
The gnoll hits you with a +0 whip. x2
The gnoll closely misses you. The gnoll barely misses you.
There is a staircase to the Ecumenical Temple here.
The gnoll hits you from afar with a +0 halberd!
* * * LOW HITPOINT WARNING * * *
The gnoll barely misses you.
You climb downwards.
Welcome back to the Ecumenical Temple!
There is a staircase back to the Dungeon here.
The gnoll attacks as you move away! The gnoll closely misses you.
The gnoll attacks as you move away! The gnoll hits you with a +0 flail!
You die...

♣♣ ♣♣♣♣♣♣ ♣♣≈≈♣♣
♣♣~≈≈≈♣ ♣≈≈≈~~♣♣♣
♣~~~≈≈♣♣ ♣≈≈≈~~@g♣♣
♣♣~~~≈≈≈♣♣
♣≈≈~~...g♣♣♣♣..~~~≈≈≈♣♣
♣≈≈~..~~..♣♣...~.~~≈≈≈♣
♣~~~§........§..~..~≈~~
♣♣~...........~~~~~.~≈~
♣~~...§♣.♣....~~~.....
♣♣......♣♣♣....~~~._..
♣♣~.♣.. ♣~._.~~~....
♣..... ...~..~~.....


You could see 2 gnolls.

Vanquished Creatures
  An ufetubus (Temple)
  A quokka (Temple)
2 creatures vanquished.

Notes
Turn   | Place    | Note
-------+----------+-------------------------------------------
     0 | D:5      | Esekla the Octopode Delver began the quest for the Orb.
     0 | D:5      | Reached XP level 1. HP: 16/16 MP: 1/1
    20 | D:5      | Found a staircase to the Ecumenical Temple.
    27 | Temple   | Entered the Ecumenical Temple
    77 | Temple   | Reached XP level 2. HP: 21/21 MP: 2/2
   186 | Temple   | Slain by a gnoll

Illustrated notes

Levels and vault maps discovered:
D:5:      layout_rooms, minmay_temple_entry_overgrown
Temple:   nicolae_temple_bog_church

Action                     || total
---------------------------++-------
  Melee: Falchion          ||     7
         Constrict         ||     2
    Use: Scroll            ||     2
 Armour: Skin              ||     3
  Dodge: Dodged            ||    23

Table legend: (Time is in decaauts)
 A = Elapsed time spent in this place.
 B = Non-inter-level travel time spent in this place.
 C = Inter-level travel time spent in this place.
 D = Time resting spent in this place.
 E = Time spent auto-exploring this place.
 F = Levels seen in this place.
 G = Mean time per level.
                   A        B        C        D        E       F      G
               +--------+--------+--------+--------+--------+-----+--------+
         Total |    189 |    181 |      8 |     71 |      1 |   2 |   94.5 |
       Dungeon |     37 |     36 |      1 |      0 |      0 |   1 |   37.0 |
        Temple |    152 |    145 |      7 |     71 |      1 |   1 |  152.0 |
               +--------+--------+--------+--------+--------+-----+--------+

Top non-repeatable levels by time:
  Temple: 152 daAuts
     D:5: 37 daAuts
